Map: Ephemeron LE

Players

Ratl - Winner!

  • Race: Protoss Protoss
  • League: Silver
  • Spawn Location: 5:00

VOD

Have the link to the VOD?

Description

Time

  • Played on: Feb. 11, 2020, 5:54 p.m.
  • Length: 10:36
Show
View Real Time Build Order
Export as new Build Order

Ratl Protoss - Winner!

Build Orders: 1 Gate Expand 

Get SALT Encoding   

  12  0:04  Probe  
  12  0:16  Probe  
  12  0:19  Pylon  
  12  0:28  Probe  
  12  0:41  Gateway  
  12  0:43  Probe (Chrono Boost)  
  12  0:55  Probe (Chrono Boost)  
  12  0:57  Assimilator  
  12  1:01  Probe (Chrono Boost)  
  12  1:10  Probe  
  12  1:22  Probe  
  12  1:29  Cybernetics Core  
  12  1:34  Probe  
  12  1:38  Nexus  
  12  1:44  Pylon  
  12  1:46  Probe  
  12  1:54  Assimilator  
  12  1:58  Probe  
  12  2:09  Cybernetics Core  
  12  2:10  Probe  
  12  2:22  Probe  
  12  2:24  Gateway  
  12  2:34  Probe  
  12  2:41  Pylon  
  12  2:47  Probe (Chrono Boost)  
  12  2:50  Probe (Chrono Boost)  
  12  2:56  Stalker  
  12  2:58  Probe (Chrono Boost)  
  12  3:00  Probe (Chrono Boost)  
  12  3:03  Probe (Chrono Boost)  
  12  3:05  Probe (Chrono Boost)  
  12  3:13  Probe  
  12  3:16  Probe, Stalker  
  12  3:25  Probe  
  12  3:28  Stalker  
  12  3:29  Probe  
  12  3:36  Robotics Facility  
  12  3:37  Probe (Chrono Boost)  
  12  3:41  Probe (Chrono Boost), Gateway  
  12  3:50  Probe (Chrono Boost)  
  12  3:52  Probe (Chrono Boost)  
  12  3:55  Probe (Chrono Boost)  
  12  3:57  Probe (Chrono Boost)  
  12  4:01  Stalker  
  12  4:03  Probe  
  12  4:06  Nexus  
  12  4:07  Probe  
  12  4:14  Assimilator  
  12  4:15  Probe  
  12  4:19  Probe  
  12  4:20  Assimilator  
  12  4:28  Gateway  
  12  4:37  Pylon  
  12  4:40  Pylon x2  
  12  4:54  Stalker  
  12  4:55  Probe x2, Observer, Stalker  
  12  5:07  Probe x2  
  12  5:13  Gateway  
  12  5:15  Gateway  
  12  5:17  Gateway  
  12  5:18  Probe (Chrono Boost)  
  12  5:19  Probe (Chrono Boost)  
  12  5:20  Probe (Chrono Boost), Gateway  
  12  5:26  Pylon  
  12  5:29  Probe x2 (Chrono Boost)  
  12  5:30  Probe (Chrono Boost), Stalker x2  
  12  5:35  Warp Gate  
  12  5:39  Immortal  
  12  5:41  Probe x2  
  12  5:42  Probe  
  12  5:49  Stalker x2  
  12  5:53  Probe x2  
  12  5:54  Probe  
  12  6:05  Probe  
  12  6:06  Probe x2  
  12  6:10  Nexus, Stalker  
  12  6:12  Stalker  
  12  6:17  Probe  
  12  6:18  Probe x2  
  12  6:19  Immortal  
  12  6:21  Pylon  
  12  6:27  Assimilator  
  12  6:31  Assimilator  
  12  6:39  Probe x3, Pylon  
  12  6:41  Pylon x2  
  12  6:44  Pylon  
  12  6:51  Probe x3  
  12  7:03  Probe x3  
  12  7:10  Immortal  
  12  7:14  Stalker  
  12  7:15  Probe x3, Stalker x5  
  12  7:29  Probe (Chrono Boost), Forge x2  
  12  7:31  Forge  
  12  7:32  Twilight Council  
  12  7:33  Probe x2 (Chrono Boost)  
  12  7:34  Probe (Chrono Boost)  
  12  7:40  Probe (Chrono Boost)  
  12  7:43  Probe x2 (Chrono Boost)  
  12  7:44  Probe (Chrono Boost), Stalker  
  12  7:45  Stalker x2  
  12  7:54  Immortal  
  12  7:58  Protoss Ground Weapons Level 1 (Chrono Boost), Protoss Ground Armor Level 1 (Chrono Boost), Protoss Shields Level 1 (Chrono Boost)  
  12  8:01  Robotics Facility  
  12  8:02  Robotics Facility  
  12  8:19  Probe  
  12  8:20  Probe x3  
  12  8:25  Stalker x2  
  12  8:27  Nexus  
  12  8:28  Pylon  
  12  8:31  Pylon  
  12  8:33  Pylon  
  12  8:37  Pylon x2  
  12  8:38  Pylon  
  12  8:40  Assimilator x2  
  12  8:41  Pylon  
  12  8:45  Pylon x2  
  12  8:51  Photon Cannon  
  12  8:52  Photon Cannon  
  12  8:53  Pylon  
  12  9:05  Photon Cannon  
  12  9:06  Photon Cannon  
  12  9:11  Photon Cannon  
  12  9:12  Photon Cannon  
  12  9:15  Photon Cannon  
  12  9:17  Photon Cannon  
  12  9:35  Immortal  
  12  9:36  Stalker  
  12  9:37  Stalker x4  
  12  9:38  Stalker x2  
  12  9:42  Templar Archives  
  12  9:46  Immortal x2  
  12  10:04  Assimilator  
  12  10:08  Assimilator  
  12  10:09  Pylon  
  12  10:12  Pylon  
  12  10:24  High Templar x4  
  12  10:25  High Templar x3  
  12  10:30  Archon x3  
Tags
 
Add a new tag
Caveats
  • Supply blocks, unpowered buildings, or Contaminate may cause inaccurate times.
  • Supply counts are checked every 10 seconds.